 Dungeon Crawl Stone Soup version 0.22-a0-305-gd21a89c538 (webtiles) character file.

37 Oravi the Bolt Thrower (level 3, 0/21 HPs)
             Began as a Kobold Hunter on Mar 31, 2018.
             Succumbed to an adder's poison
             ... on level 2 of the Dungeon.
             The game lasted 00:03:00 (1013 turns).

Oravi the Bolt Thrower (Kobold Hunter)              Turns: 1013, Time: 00:03:01

Health: 0/21       AC:  3    Str:  7 (10) XL:     3   Next: 60%
Magic:  3/3        EV: 20    Int: 10 (12) God:
Gold:   57         SH:  0    Dex: 19 (20) Spells: 2/2 levels left

rFire    . . .     SeeInvis .   b - +0 short sword
rCold    . . .     Gourm    .   (shield restricted)
rNeg     . . .     Faith    .   c - +0 leather armour
rPois    .         Spirit   .   (no helmet)
rElec    .         Reflect  .   (no cloak)
rCorr    .         Harm     .   (no gloves)
MR       .....                  (no boots)
Stlth    +++.......             j - amulet of the acrobat
HPRegen  0.07/turn              (no ring)
MPRegen  0.08/turn              (no ring)

@: agile, lethally poisoned (0 -> -11)
A: small, carnivore
a: no special abilities


You were on level 2 of the Dungeon.
You were completely stuffed.

You visited 1 branch of the dungeon, and saw 2 of its levels.

You collected 57 gold pieces.

Inventory:

Hand Weapons
 a - a +1 hand crossbow
 b - a +0 short sword (weapon)
Missiles
 d - 20 bolts
Armour
 c - a +0 leather armour (worn)
Jewellery
 j - an amulet of the acrobat (around neck)
Scrolls
 g - a scroll of fog {unknown}
 h - a scroll of teleportation {unknown}
Potions
 e - a potion of degeneration
Comestibles
 f - 2 rations


   Skills:
 - Level 2.1 Fighting
 + Level 1.4 Short Blades
 + Level 5.6 Crossbows
 * Level 3.1 Dodging
 - Level 1.3 Stealth


You had 2 spell levels left.
You didn't know any spells.

Dungeon Overview and Level Annotations

Branches:
Dungeon (2/15)

Altars:


Innate Abilities, Weirdness & Mutations

You are small and have problems with some larger weapons.
You are carnivorous and can eat meat at any time.


Message History

You are too injured to fight recklessly!
It was a potion of degeneration.
There was something very wrong with that liquid.
You feel weakened.
You feel dopey.
You feel clumsy.
You feel sick. The adder closely misses you.
It was a potion of agility.
You feel agile all of a sudden. The adder bites you.
* * * LOW HITPOINT WARNING * * *
You are more poisoned.
The adder poisons you! The adder misses you.
Okay, then.
You hit the adder but do no damage.
The adder is severely wounded.
* * * LOW HITPOINT WARNING * * *
You feel sick. The adder bites you.
* * * LOW HITPOINT WARNING * * *
You miss the adder.
The adder is severely wounded.
You die...

.# .# ## .# .# #.# #.# #..#
.. #..# ###.# #..# .!. ...#
#S# ...# #@# ...# #.#
...####... #.# ........#
#.### ...########## #...# #
...## ##≈≈≈≈## ###.#
######.##
>...###≈≈≈≈≈≈###.#[#
#........
#.#)†..≈≈.......[#.###......#
#.#...≈≈.........#..........#


You could see an adder.

Vanquished Creatures
  An ooze (D:1)
  A dart slug (D:1)
  2 leopard geckos
  A ball python (D:2)
  2 goblins
  4 hobgoblins
  2 jackals (D:1)
  5 bats (D:1)
  2 frilled lizards
  4 kobolds
  3 rats (D:1)
27 creatures vanquished.

Notes
Turn   | Place    | Note
-------+----------+-------------------------------------------
     0 | D:1      | Oravi the Kobold Hunter began the quest for the Orb.
     0 | D:1      | Reached XP level 1. HP: 12/12 MP: 1/1
    45 | D:1      | Reached skill level 5 in Crossbows
   176 | D:1      | Reached XP level 2. HP: 14/17 MP: 2/2
   667 | D:1      | Reached XP level 3. HP: 21/21 MP: 3/3
   704 | D:1      | Reached skill level 1 in Short Blades
  1012 | D:2      | HP: 1/21 [adder (2)]
  1013 | D:2      | Succumbed to an adder's poison

Vault maps used:
D:1:      eino_arrival_cavern_c
D:2:      cheibrodos_helix_gallery, uniq_robin

Skill      XL: |  1  2  3 |
---------------+----------+-----
Crossbows      | 5 |  5.6
Short Blades   | 1 |  1.4
Dodging        | 3 |  3.1
Fighting       | |  2.1
Stealth        | |  1.3

Action                   || total
-------------------------++-------
Melee: Short sword       ||   142
  Use: Potion            ||     2
 Stab: Distracted        ||     1
       Sleeping          ||     1
  Eat: Chunk             ||     9
Armor: Leather armour    ||    42
Dodge: Dodged            ||   151

Table legend:
 A = Spawn XP
 B = Non-spawn XP
 C = Spawn XP percentage of total XP
 D = Spawn monster count
 E = Non-spawn monster count
 F = Spawn count percentage of total count
 G = Total turns spent on level
                    A         B        C        D         E        F      G
               +---------+---------+-------+---------+---------+-------+---------
         Total |       0 |      53 |   0.0 |       0 |      27 |   0.0 |  1013
               +---------+---------+-------+---------+---------+-------+---------
           D:1 |       0 |      40 |   0.0 |       0 |      20 |   0.0 |   866
           D:2 |       0 |      13 |   0.0 |       0 |       7 |   0.0 |   147
               +---------+---------+-------+---------+---------+-------+---------
